 Dungeon Crawl Stone Soup version 0.31-a0-1278-g11c5b68f87 (webtiles) character file.

Game seed: 15373816837758645009

2940 croobank the Ruffian (level 9, -1/62 HPs)
             Began as an Octopode Shapeshifter on Dec 17, 2023.
             Was an Elder of Sif Muna.
             Slain by a troll (9 damage)
             ... on level 7 of the Dungeon on Dec 18, 2023.
             The game lasted 00:28:46 (8935 turns).

croobank the Ruffian (Octopode Shapeshifter)        Turns: 8935, Time: 00:28:47

Health: -1/62      AC:  0    Str: 13    XL:     9   Next: 80%
Magic:  9/13       EV: 15    Int: 19    God:    Sif Muna [****..]
Gold:   323        SH:  0    Dex: 11    Spells: 10/14 levels left

rFire   . . .        u - +0 dagger (drain)
rCold   . . .        (no shield)
rNeg    + . .        m - +3 crown of Dyrovepreva {rElec Int+2 SInv}
rPois   .            (no amulet)
rElec   +            s - ring of flight
rCorr   .            C - ring of see invisible
SInv    +            F - ring of positive energy
Will    .....        (no ring)
Stlth   ++           (no ring)
HPRegen 0.30/turn    (no ring)
MPRegen 0.13/turn    (no ring)
                     (no ring)

%: no passive effects
@: corroded, flying, studying Hexes
A: almost no armour, amphibious, 8 rings, camouflage 1, gelatinous body 1,
(nimble swimmer 1), tentacles
a: Renounce Religion, Channel Magic, Forget Spell, Divine Exegesis


You were on level 7 of the Dungeon.
You worshipped Sif Muna.
Sif Muna was greatly pleased with you.
You visited 2 branches of the dungeon, and saw 8 of its levels.

You collected 488 gold pieces.
You spent 165 gold pieces at shops.

Inventory:

Hand Weapons
 a - a +0 long sword
 h - a +0 war axe of venom
 i - a +0 orcbow
 u - a +0 dagger of draining (weapon)
 B - a +1 war axe of electrocution
 H - a +2 falchion
 I - a +3 flail of freezing
Missiles
 j - 18 boomerangs
 n - 12 poisoned darts
 A - 4 atropa-tipped darts (quivered)
 J - 3 curare-tipped darts
Armour
 m - the +3 crown of Dyrovepreva (worn) {rElec Int+2 SInv}
   (You acquired it on level 7 of the Dungeon)

   Int+2:     It affects your intelligence (+2).
   rElec:     It insulates you from electricity.
   SInv:      It lets you see invisible.
Jewellery
 s - a ring of flight (left tentacle)
 C - a ring of see invisible (right tentacle)
 F - a ring of positive energy (on tentacle)
Talismans
 b - a beast talisman
 c - a flux talisman
Wands
 o - a wand of iceblast (3)
 t - a wand of flame (36)
 y - a wand of paralysis (3)
Scrolls
 d - a scroll of silence
 e - 3 scrolls of enchant armour
 g - 2 scrolls of amnesia
 k - a scroll of immolation
 q - 3 scrolls of identify
 w - a scroll of poison
 x - a scroll of enchant weapon
 E - 2 scrolls of revelation


   Skills:
 + Level 5.9 Fighting
 + Level 6.4 Dodging
 + Level 6.7 Unarmed Combat
 * Level 3.3 Spellcasting
 * Level 3.6 Hexes
 + Level 6.2 Shapeshifting


You had 10 spell levels left.
You knew the following spells:

 Your Spells              Type           Power      Damage    Failure   Level
a - Cause Fear            Hex            8%         N/A       32%         4

Your spell library contained the following spells:

 Spells                   Type           Power      Damage    Failure   Level
 Necrotise                Necr           12%        1d4       16%         1
 Vampiric Draining        Necr           3%         2d6       41%         3
 Anguish                  Hex/Necr       5%         N/A       56%         4
 Passage of Golubria      Tloc           3%         N/A       83%         4
 Silence                  Hex/Air        5%         N/A       89%         5
 Agony                    Necr           3%         N/A       99%         5
 Enfeeble                 Hex            8%         N/A       100%        7
 Lehudib's Crystal Spear  Conj/Erth      1%         10d2      100%        8


Dungeon Overview and Level Annotations

Branches:
Dungeon (7/15)             Temple (1/1) D:6

Altars:
Ashenzari
Dithmenos
Elyvilon
Fedhas
Gozag
Hepliaklqana
Nemelex Xobeh
Qazlal
Ru
Sif Muna
Trog
Uskayaw
Vehumet
Wu Jian
Xom
Yredelemnul
Zin
The Shining One

Shops:
D:4 ?

Annotations:
D:2 1 runed translucent door, Crazy Yiuf


Innate Abilities, Weirdness & Mutations

You cannot wear most types of armour.
You are amphibious.
You can wear up to eight rings at the same time.
Your skin changes colour to match your surroundings (Stealth+).
Your rubbery body absorbs attacks. (AC +1, EV +1)
((You are camouflaged when in or above water. (Stealth+)))
You have tentacles for arms and can constrict up to eight enemies at once.


Message History

You are splashed with acid!
An ice beast comes into view.
The green ugly thing headbutts you!
Okay, then.
You aren't carrying any potions.
Okay, then.
Casting: Cause Fear (quite dangerous; 32% risk of failure)
Confirm with . or Enter, or press ? or * to list all spells.
Casting: Cause Fear (quite dangerous; 32% risk of failure)
Press: ? - help, Dir - look around, f - activate
Okay, then.
Casting: Cause Fear (quite dangerous; 32% risk of failure)
Confirm with . or Enter, or press ? or * to list all spells.
Okay, then.
Casting: Cause Fear (quite dangerous; 32% risk of failure)
Confirm with . or Enter, or press ? or * to list all spells.
Casting: Cause Fear (quite dangerous; 32% risk of failure)
Press: ? - help, Dir - look around, f - activate The jelly looks frightened!
The troll resists with almost no effort.
The ice beast resists with some effort.
The green ugly thing looks frightened!
You constrict the green ugly thing.
The green ugly thing struggles to escape constriction.
You release your grip on the green ugly thing.
You aren't carrying any potions.
Throw: 6 darts (atropa)
Press: ? - help, Q - select action, (/) - cycle Shift-Dir - straight line, f - troll
Aim: a troll (54% to hit, chance to blind on hit: 3%)
You throw an atropa-tipped dart. The atropa-tipped dart hits the troll.
The troll resists.
The troll barely misses you. The troll claws you! The troll closely misses you.
Throw: 5 darts (atropa)
Press: ? - help, Q - select action, (/) - cycle Shift-Dir - straight line, f/p - troll
Aim: a troll (54% to hit, chance to blind on hit: 3%)
You throw an atropa-tipped dart.
The atropa-tipped dart barely misses the troll.
The troll bites you!
* * * LOW HITPOINT WARNING * * *
The troll claws you!
You die...

# #... ##.# ##..
##...# #.. ###...h.F
### ###.....# #.....#
###.)## ###.'...#
###...##@.## ##
###......#T..# #.
#.....#..##Y.# #### #.
##..###...#...u ###..#
##.
#...###..##..J###....#
#..
##..#.....#.###......#
#..
#......#####.').....#
### #
##...###.#...##..))###
##
#.#'#...##...#......#


You could see a green ugly thing (fleeing, drained), a troll, an ice beast and a
jelly (fleeing).

Vanquished Creatures
  A wyvern (D:6)
  2 steam dragons (D:7)
  Pargi (D:3)
  A black bear (D:5)
  An ice beast (D:5)
  An ogre (D:4)
  3 centaurs (D:7)
  A kobold brigand (D:7)
  4 bullfrogs
  3 scorpions
  5 wights (D:7)
  5 howler monkeys
  5 hounds
  2 gnoll boudas (D:6)
  A jelly (D:7)
  2 orc priests (D:5)
  2 sleepcaps
  Jessica (D:2)
  Natasha (twice) (D:3)
  2 iguanas (D:6)
  6 orc wizards
  11 gnolls
  8 adders
  4 shadow imps
  A white imp (D:7)
  2 ufetubi (D:5)
  2 worms
  3 dart slugs
  31 orcs
  7 endoplasms
  4 giant cockroaches
  2 goblins
  7 hobgoblins
  6 jackals
  5 quokkas
  9 ball pythons
  3 bats
  2 frilled lizards
  5 kobolds
  7 rats
170 creatures vanquished.

Notes
Turn   | Place    | Note
-------+----------+-------------------------------------------
     0 | D:1      | croobank the Octopode Shapeshifter began the quest for the
                  | Orb.
     0 | D:1      | Reached XP level 1. HP: 13/13 MP: 1/1
   315 | D:1      | Reached XP level 2. HP: 16/18 MP: 2/2
   599 | D:1      | You fall into a shaft and drop 1 floor!
   945 | D:1      | Reached XP level 3. HP: 23/23 MP: 3/3
  1007 | D:1      | Found a faded altar of an unknown god.
  1010 | D:1      | Prayed at the altar of an unknown god.
  1010 | D:1      | Became a worshipper of Sif Muna the Loreminder
  1010 | D:1      | Reached * piety under Sif Muna
  1182 | D:2      | Found a runed translucent door.
  1183 | D:2      | Noticed Crazy Yiuf
  1259 | D:2      | Noticed Jessica
  1265 | D:2      | Killed Jessica
  1266 | D:2      | Reached XP level 4. HP: 23/29 MP: 4/4
  1752 | D:3      | Noticed Pargi
  1850 | D:3      | Noticed Natasha
  1865 | D:4      | Noticed a scorpion
  2003 | D:4      | Reached XP level 5. HP: 33/35 MP: 5/5
  2121 | D:3      | Killed Pargi
  2122 | D:3      | Reached XP level 6. HP: 40/41 MP: 6/6
  2160 | D:3      | Reached ** piety under Sif Muna
  2552 | D:3      | Killed Natasha
  2583 | D:3      | Found a sacrificial altar of Ru.
  2662 | D:3      | Noticed Natasha
  2665 | D:3      | Killed Natasha
  2801 | D:4      | Found Liygi's Magic Scroll Shoppe.
  3022 | D:4      | Reached XP level 7. HP: 29/46 MP: 7/7
  3225 | D:4      | Found an ornate altar of the Wu Jian Council.
  3518 | D:4      | Bought a scroll of teleportation for 33 gold pieces
  3518 | D:4      | Bought a scroll of identify for 22 gold pieces
  3518 | D:4      | Bought a scroll of identify for 22 gold pieces
  3518 | D:4      | Bought a scroll of identify for 22 gold pieces
  3518 | D:4      | Bought a scroll of identify for 22 gold pieces
  3518 | D:4      | Bought a scroll of poison for 44 gold pieces
  3635 | D:5      | Entered Level 5 of the Dungeon
  3671 | D:5      | Reached skill level 5 in Unarmed Combat
  3884 | D:5      | Reached skill level 5 in Shapeshifting
  3884 | D:5      | Reached XP level 8. HP: 41/54 MP: 8/8
  4089 | D:5      | Reached skill level 5 in Dodging
  4312 | D:5      | Reached *** piety under Sif Muna
  4823 | D:6      | Found a staircase to the Ecumenical Temple.
  5251 | D:6      | Noticed a wyvern
  5265 | D:6      | Killed a wyvern
  5266 | D:6      | Reached skill level 5 in Fighting
  5560 | D:6      | Found a shimmering blue altar of Sif Muna.
  5562 | D:6      | Found a glowing silver altar of Zin.
  6037 | Temple   | Entered the Ecumenical Temple
  6073 | D:6      | Learned a level 4 spell: Cause Fear
  6969 | D:7      | Reached skill level 1 in Spellcasting
  6969 | D:7      | Reached skill level 1 in Hexes
  6969 | D:7      | Reached XP level 9. HP: 61/61 MP: 10/10
  7732 | D:7      | HP: 3/61 [centaur (2)]
  7985 | D:7      | Found a blossoming altar of Fedhas.
  8587 | D:7      | HP: 2/62 [steam dragon (3)]
  8609 | D:7      | Reached **** piety under Sif Muna
  8852 | D:7      | Identified 2 scrolls of acquirement
  8854 | D:7      | Acquired the +3 crown of Dyrovepreva {rElec Int+2 SInv}
  8854 | D:7      | Found the +3 crown of Dyrovepreva {rElec Int+2 SInv}
  8915 | D:7      | Noticed a troll
  8922 | D:7      | Noticed a green ugly thing
  8923 | D:7      | Acquired a manual of Hexes
  8935 | D:7      | Slain by a troll

Illustrated notes

Levels and vault maps discovered:
D:1:      dpeg_arrival_three_bigger_balls, layout_loops_corners,
          shapermc_ecumenical_altar_mp_vishouse
D:2:      layout_basic, uniq_crazy_yiuf_cottage, uniq_jessica
D:3:      minmay_chambers_of_twos, layout_rooms, marbit_many_paths,
          uniq_natasha, uniq_pargi
D:4:      layout_gridville, old_standard_altar, serial_shops,
          nicolae_inconvenience_store, serial_glass, glass_columns_c,
          glass_columns_b
D:5:      layout_loops_ring, minmay_misc_feat_tiny
D:6:      layout_basic, minitemple, minmay_temple_entry_tees
D:7:      minmay_slanted_spiral_squares, layout_layer_cave,
          mainiacjoe_overflow_surrounded_room,
          serial_library_hellmonk_semicircle
Temple:   cyrus_circular_temple

Skill      XL: |  1  2  3  4  5  6  7  8  9 |
---------------+----------------------------+-----
Fighting       | 2 3 4 5 |  5.9
Dodging        | 3 4 5 6 |  6.4
Unarmed Combat | 4 5 6 |  6.7
Shapeshifting  | 4 5 6 |  6.2
Spellcasting   | 1 3 |  3.3
Hexes          | 1 3 |  3.6

Action                     |  1- 3 |  4- 6 |  7- 9 || total
---------------------------+-------+-------+-------++-------
  Melee: Unarmed           |    56 |   107 |   116 ||   279
         Constrict         |    12 |    27 |    70 ||   109
         Tentacles         |     5 |    22 |    86 ||   113
         Punch             |       |     5 |    13 ||    18
         Dagger            |       |       |   189 ||   189
  Throw: Boomerang         |     1 |     1 |       ||     2
         Dart              |       |     5 |     8 ||    13
         Throwing net      |       |       |     3 ||     3
   Cast: Cause Fear        |       |       |     1 ||     1
  Evoke: Wand              |       |       |     9 ||     9
    Use: Scroll            |       |    10 |    14 ||    24
         Potion            |       |     2 |    12 ||    14
   Stab: Sleeping          |     6 |     3 |       ||     9
         Paralysed         |       |       |     4 ||     4
 Armour: Skin              |    22 |    57 |   354 ||   433
  Dodge: Dodged            |    23 |    65 |   313 ||   401
         Form:             |       |       |     1 ||     1
         Beast             |       |       |     1 ||     1

Table legend: (Time is in decaauts)
 A = Elapsed time spent in this place.
 B = Non-inter-level travel time spent in this place.
 C = Inter-level travel time spent in this place.
 D = Time resting spent in this place.
 E = Time spent auto-exploring this place.
 F = Levels seen in this place.
 G = Mean time per level.
                   A        B        C        D        E       F      G
               +--------+--------+--------+--------+--------+-----+--------+
         Total |   8900 |   8512 |    388 |   1927 |   4957 |   8 | 1112.5 |
       Dungeon |   8870 |   8498 |    372 |   1927 |   4957 |   7 | 1267.1 |
        Temple |     29 |     14 |     15 |      0 |      0 |   1 |   29.0 |
               +--------+--------+--------+--------+--------+-----+--------+

Top non-repeatable levels by time:
     D:6: 2368 daAuts
     D:7: 1773 daAuts
     D:5: 1113 daAuts
     D:4: 1021 daAuts
     D:1: 1000 daAuts
     D:3: 815 daAuts
     D:2: 775 daAuts
  Temple: 29 daAuts
